 Dungeon Crawl Stone Soup version 0.24.0-1-gfbc8707122 (webtiles) character file.

Game seed: 12335032328199026926, levelgen mode: deterministic

107 Mrkan the Shield-Bearer (level 4, -9/29 HPs)
             Began as a Gargoyle Fighter on Oct 25, 2019.
             Was an Initiate of Nemelex Xobeh.
             Killed from afar by Sigmund (12 damage)
             ... with a puff of flame
             ... on level 3 of the Dungeon.
             The game lasted 00:04:43 (2119 turns).

Mrkan the Shield-Bearer (Gargoyle Fighter)          Turns: 2119, Time: 00:04:43

Health: -9/29      AC: 15    Str: 21    XL:     4   Next: 85%
Magic:  4/4        EV:  4    Int:  8    God:    Nemelex Xobeh [......]
Gold:   91         SH:  9    Dex:  9    Spells: 3/3 levels left

rFire    . . .     SeeInvis .   a - +0 flail
rCold    . . .     Gourm    .   c - +0 shield
rNeg     + . .     Faith    .   h - +0 plate armour
rPois    ∞         Spirit   .   (no helmet)
rElec    +         Reflect  .   (no cloak)
rCorr    .         Harm     .   (no gloves)
MR       .....                  (no boots)
Stlth    ..........             (no amulet)
HPRegen  0.09/turn              (no ring)
MPRegen  0.09/turn              (no ring)

@: no status effects
A: negative energy resistance 1, electricity resistance, unbreathing,
petrification resistance, rot immunity, AC +3
a: Draw Escape, Draw Destruction, Draw Summoning, Renounce Religion


You were on level 3 of the Dungeon.
You worshipped Nemelex Xobeh.
Nemelex Xobeh was noncommittal.
You were hungry.

You visited 1 branch of the dungeon, and saw 3 of its levels.

You collected 91 gold pieces.

Inventory:

Hand Weapons
 a - a +0 flail (weapon)
Armour
 c - a +0 shield (worn)
 h - a +0 plate armour (worn)
Wands
 m - a wand of iceblast (9)
Scrolls
 b - a scroll of enchant armour {unknown}
 g - a scroll of teleportation {unknown}
 i - 2 scrolls of amnesia {unknown}
 n - 2 scrolls of identify {unknown}
 o - a scroll of noise {unknown}
Potions
 e - a potion of agility {unknown}
 j - a potion of cancellation {unknown}
 l - a potion of curing {unknown}
 p - a potion of heal wounds {unknown}
Comestibles
 d - a chunk of flesh
 f - 2 rations


   Skills:
 + Level 4.0 Fighting
 * Level 3.7 Maces & Flails
 - Level 3.2 Armour
 + Level 4.1 Shields
 + Level 0.0 Invocations


You had 3 spell levels left.
You didn't know any spells.
Your spell library was empty.

Dungeon Overview and Level Annotations

Branches:
Dungeon (3/15)

Altars:
Nemelex Xobeh

Annotations:
D:3 Sigmund


Innate Abilities, Weirdness & Mutations

You are resistant to torment.
Your stone body is resilient. (AC +3)
You are immune to poison.
You resist negative energy. (rN+)
You are resistant to electric shocks. (rElec)
You can survive without breathing.
You are immune to petrification.
You are immune to rotting.


Message History

Something hits you.
You closely miss something. Something hits you but does no damage.
You barely miss something.
You are feeling hungry.
You completely miss something. Something hits you but does no damage.
You sock something!
You hear some strange, mumbled words.
A puff of flame appears from out of thin air!
The puff of flame hits you but does no damage.
Your shield and plate armour prevent you from hitting something.
You hear some strange, mumbled words.
A magic dart appears from out of thin air!
The magic dart hits you. Something hits you!
* * * LOW HITPOINT WARNING * * *
You miss something.
You hear some strange, mumbled words.
A puff of flame appears from out of thin air!
The puff of flame hits you!
You die...
Your body disappears without a glow.

##..#.#.#.# #. .#.
##..#...#.♣. ..
... #..#.#.#.#.#
.# #.#
#.#...#...#. .....
+..#.#.#.#.# .#.##
+...#†♣.#.♣. ...
+..#.#)#.#.# #.#
#.#...#...#.
#@#####..#.#.#.#.#
#{....##..#...#.♣.
###.#####..#.#.#.#
#.######..#...#.
#......##..#.#.#
######..##..#...
##..##.....
##..###'''
##...(...


There were no monsters in sight!

Vanquished Creatures
  Robin (D:2)
  3 adders (D:2)
  An ooze (D:1)
  2 dart slugs
  A leopard gecko (D:2)
  An orc (D:3)
  7 bats
  2 giant cockroaches (D:3)
  16 goblins
  5 hobgoblins
  A ball python (D:2)
  4 frilled lizards
  8 kobolds
  5 rats (D:1)
57 creatures vanquished.

Notes
Turn   | Place    | Note
-------+----------+-------------------------------------------
     0 | D:1      | Mrkan the Gargoyle Fighter began the quest for the Orb.
     0 | D:1      | Reached XP level 1. HP: 14/14 MP: 1/1
   236 | D:1      | Reached XP level 2. HP: 19/19 MP: 2/2
   449 | D:1      | Reached XP level 3. HP: 19/23 MP: 3/3
  1051 | D:2      | Reached XP level 4. HP: 28/29 MP: 4/4
  1181 | D:2      | Noticed Robin
  1208 | D:2      | Killed Robin
  1495 | D:2      | Found a sparkling altar of Nemelex Xobeh.
  1531 | D:2      | Became a worshipper of Nemelex Xobeh the Trickster
  1578 | D:2      | Received a gift from Nemelex Xobeh
  2093 | D:3      | Noticed Sigmund
  2119 | D:3      | Killed from afar by Sigmund

Levels and vault maps discovered:
D:1:      dpeg_arrival_shelter, layout_loops_ring,
          chequers_serial_rivers_large_a
D:2:      layout_loops_cross, nemelex_diamond_rough_becter, uniq_robin
D:3:      layout_basic, gammafunk_temple_overflow_claw, first_ration, hex_large,
          kennysheep_cluttered_room, cheibrodos_ashenzari_chains, uniq_sigmund,
          uniq_ijyb

Skill      XL: |  1  2  3  4 |
---------------+-------------+-----
Maces & Flails | 3 |  3.7
Shields        | 4 |  4.1
Fighting       | 4 |  4.0
Armour         | |  3.2

Action                   |  1- 3 |  4- 6 || total
-------------------------+-------+-------++-------
Melee: Flail             |   140 |   122 ||   262
 Abil: Draw Destruction  |       |     1 ||     1
  Use: Potion            |       |     1 ||     1
  Eat: Chunk             |     1 |     3 ||     4
Armor: Scale mail        |    17 |       ||    17
       Plate armour      |    92 |    86 ||   178
Dodge: Dodged            |    25 |    31 ||    56
Block: Shield            |    89 |    77 ||   166
